 Dungeon Crawl Stone Soup version 0.30.0-5-g1a98f26d00 (webtiles) character file.

Game seed: 2848828834420090811

266 Kass the Insei (level 6, 0/43 HPs)
             Began as a Djinni Transmuter on May 12, 2023.
             Was an Initiate of Wu Jian.
             Slain by an orc wizard
             ... wielding a +2 dagger of electrocution
              (14 damage)
             ... on level 3 of the Dungeon.
             The game lasted 00:07:08 (2298 turns).

Kass the Insei (Djinni Transmuter)                  Turns: 2298, Time: 00:07:08

Health: 0/43       AC:  2    Str: 11    XL:     6   Next: 44%
Gold:   76         EV: 13    Int: 14    God:    Wu Jian [......] SH:  0 Dex: 14

rFire   + +          .
                       - Unarmed
rCold   x . .        (no shield)
rNeg    . . .        a - +0 robe
rPois   ∞            (no helmet)
rElec   .            (no cloak)
rCorr   .            (no gloves)
SInv    .            (boots unavailable)
Will    .....        (no amulet)
Stlth   ++           (no ring)
HPRegen 0.27/turn    (no ring)
MPRegen 0.00/turn

%: infuse magic (-1 HP)
@: flying
A: sickness immunity, fire resistance 2, cold vulnerability 1, float, innate
caster, HP casting, extra vitality 1
a: Renounce Religion


You were on level 3 of the Dungeon.
You worshipped Wu Jian.
Wu Jian was noncommittal.
You visited 1 branch of the dungeon, and saw 3 of its levels.

You collected 76 gold pieces.

Inventory:

Armour
 a - a +0 robe (worn)
Scrolls
 f - a scroll of enchant weapon {unknown}
 h - a scroll of poison {unknown}
 i - a scroll of teleportation {unknown}
 j - a scroll of identify {unknown}
Potions
 b - a potion of lignification
 c - a potion of invisibility {unknown}
 d - a potion of magic {unknown}
 e - a potion of curing {unknown}
 g - 2 potions of heal wounds {unknown}
 k - a potion of degeneration {unknown}


   Skills:
 + Level 1.9 Fighting
 + Level 3.6 Dodging
 + Level 1.3 Stealth
 + Level 5.5 Unarmed Combat
 - Level 1.5 Spellcasting


You knew the following spells:

 Your Spells              Type           Power      Damage    Failure   Level
a - Beastly Appendage     Tmut           10%        N/A       13%         1
b - Wereblood             Tmut           5%         N/A       21%         2
c - Spider Form           Tmut/Pois      5%         N/A       36%         3
d - Ice Form              Ice/Tmut       5%         N/A       78%         4
e - Magic Dart            Conj           20%        1d4       13%         1
f - Ensorcelled Hibernat  Hex/Ice        10%        N/A       21%         2
Your spell library was empty.

Dungeon Overview and Level Annotations

Branches:
Dungeon (3/15)

Altars:
Wu Jian

Annotations:
D:2 Robin


Innate Abilities, Weirdness & Mutations

You are immune to sickness and miasma.
You are immune to poison.
Your flesh is very heat resistant. (rF++)
You are vulnerable to cold. (rC-)
You float through the air rather than walking.
You learn spells naturally, not from books.
Your magical power is your life essence.
You have superior vitality. (+4 MHP)


Message History

The orc wizard mumbles some strange words.
The orc wizard flickers and vanishes!
Deactivating autopickup; reactivate with Ctrl-A.
You hit the worm but do no damage.
The worm is almost dead.
The worm misses you.
You hit the worm.
The worm is almost dead.
You barely miss the worm.
The worm is almost dead.
The worm bites you.
You hit the worm but do no damage.
The worm is almost dead.
You hit the worm.
You kill the worm!
The Council accepts your kill.
A magic dart appears from out of thin air!
The magic dart hits you.
The orc throws a boomerang.
The boomerang closely misses you. Something hits you.
You are electrocuted!
The orc throws a boomerang.
The boomerang hits you.
Things that are here:
a +0 dagger; an orc corpse You closely miss something.
Something hits you.
The orc throws a boomerang.
You hit something. Something hits you but does no damage.
You barely miss something. Something hits you.
The orc throws a boomerang.
The boomerang hits you.
You closely miss something.
Your horns disappear.
Something barely misses you.
You barely miss something. Something hits you.
You hit something. Your punch misses something. Something barely misses you.
You hit something.
You hear some strange, mumbled words.
A puff of flame appears from out of thin air!
The puff of flame misses you.
The orc throws a boomerang.
The boomerang misses you.
You barely miss something. Something hits you but does no damage.
You are electrocuted!
You die...

.w........#
.o........#
.>........#
>.....)[..#
..........#
..........#
.......).#
#....S#########
####.o{@......##
##########..#
##.# #.# #.##
#..# ##.## #..##
##..####


You could see an adder and an orc.

Vanquished Creatures
  Sigmund (D:2)
  Natasha (D:3)
  An adder (D:2)
  2 worms
  2 dart slugs (D:2)
  2 orcs (D:3)
  5 ball pythons
  8 endoplasms
  A giant cockroach (D:2)
  9 goblins
  6 hobgoblins
  7 kobolds
  2 quokkas (D:1)
  3 bats (D:1)
  A frilled lizard (D:3)
  3 rats
54 creatures vanquished.

Notes
Turn   | Place    | Note
-------+----------+-------------------------------------------
     0 | D:1      | Kass the Djinni Transmuter began the quest for the Orb.
     0 | D:1      | Kass set off with the following spells memorised: Beastly
                  | Appendage, Wereblood, Spider Form, Ice Form.
     0 | D:1      | Reached XP level 1. HP: 17/17 MP: 0/0
   109 | D:1      | Reached XP level 2. HP: 19/22 MP: 0/0
   777 | D:1      | Reached XP level 3. HP: 16/27 MP: 0/0
   777 | D:1      | Learned a level 1 spell: Magic Dart
   859 | D:2      | Noticed Sigmund
   859 | D:2      | Found a faded altar of an unknown god.
  1055 | D:2      | Reached skill level 4 in Unarmed Combat
  1123 | D:2      | Found an ornate altar of the Wu Jian Council.
  1138 | D:2      | Killed Sigmund
  1139 | D:2      | Reached skill level 1 in Stealth
  1139 | D:2      | Reached skill level 5 in Unarmed Combat
  1139 | D:2      | Reached XP level 4. HP: 18/33 MP: 0/0
  1139 | D:2      | Reached XP level 5. HP: 21/38 MP: 0/0
  1139 | D:2      | Learned a level 2 spell: Ensorcelled Hibernation
  1139 | D:2      | Reached XP level 6. HP: 24/43 MP: 0/0
  1158 | D:2      | Noticed Robin
  2124 | D:2      | Became a worshipper of the Wu Jian Council
  2184 | D:3      | Noticed Natasha
  2194 | D:3      | Killed Natasha
  2298 | D:3      | Slain by an orc wizard

Illustrated notes

Levels and vault maps discovered:
D:1:      lemuel_arrival_lava_pool, layout_basic
D:2:      layout_basic, basic_altar, dreamdust_ecumenical_altar_grove,
          patterned_corridor, uniq_robin, uniq_sigmund
D:3:      layout_rooms, uniq_grinder, uniq_natasha

Skill      XL: |  1  2  3 |
---------------+----------+-----
Unarmed Combat | 5 |  5.5
Dodging        | 3 |  3.6
Stealth        | 1 |  1.3
Fighting       | |  1.9
Spellcasting   | |  1.5

Action                     |  1- 3 |  4- 6 || total
---------------------------+-------+-------++-------
  Melee: Unarmed           |   108 |    97 ||   205
         Headbutt          |     7 |     6 ||    13
         Punch             |     4 |     3 ||     7
   Cast: Beastly Appendage |    11 |     4 ||    15
         Wereblood         |     2 |       ||     2
Ability: Lunge             |       |     5 ||     5
   Stab: Sleeping          |     1 |     3 ||     4
 Armour: Robe              |    25 |     9 ||    34
  Dodge: Dodged            |    87 |    51 ||   138
